 Dungeon Crawl Stone Soup version 0.21-a0-522-ga8338f0 (webtiles) character file.

1637 Firecrotchwizard the Charmwright (level 8, 0/57 HPs)
             Began as a Gnoll Skald on Dec 7, 2017.
             Was an Initiate of Hepliaklqana.
             Slain by Pikel
             ... wielding a +2 whip of electrocution
              (9 damage)
             ... on level 6 of the Dungeon.
             The game lasted 00:18:19 (6410 turns).

Firecrotchwizard the Charmwright (Gnoll Skald)      Turns: 6410, Time: 00:18:19

Health: 0/57       AC: 10    Str: 13    XL:     8   Next: 98%
Magic:  13/17      EV: 14    Int: 16    God:    Hepliaklqana [......]
Gold:   276        SH:  0    Dex: 17    Spells: 8/19 levels left

rFire    . . .     SeeInvis .   n - +0 dagger (venom)
rCold    . . .     Gourm    .   (no shield)
rNeg     . . .     Faith    .   B - +1 ring mail
rPois    .         Spirit   .   (no helmet)
rElec    .         Reflect  .   (no cloak)
rCorr    .         Harm     .   x - +2 pair of gloves
MR       .....                  (no boots)
Stlth    +++.......             (no amulet)
HPRegen  0.19/turn              k - ring of stealth {Stlth+}
MPRegen  0.15/turn              (no ring)

@: infused (expiring)
A: distributed training, reduced essence, fangs 1, strong nose
a: Recall Ancestor, Ancestor Identity, Renounce Religion


You were on level 6 of the Dungeon.
You worshipped Hepliaklqana.
Hepliaklqana was noncommittal.
You were not hungry.

You visited 2 branches of the dungeon, and saw 8 of its levels.

You collected 276 gold pieces.

Inventory:

Hand Weapons
 n - a +0 dagger of venom (weapon)
   (You took it off a goblin on level 2 of the Dungeon)
 E - a cursed -1 rapier
   (You found it on level 6 of the Dungeon)
Armour
 b - a +2 shield
   (You found it on level 5 of the Dungeon)
 l - the +10 chain mail of Levity {rPois Str+6, unknown}
   (You found it on level 6 of the Dungeon)

   It affects your strength (+6).
   It protects you from poison.
 x - a +2 pair of gloves (worn)
   (You found it on level 3 of the Dungeon)
 B - a +1 ring mail (worn)
   (You took it off an orc on level 3 of the Dungeon)
Jewellery
 k - a ring of stealth (left hand) {Stlth+}
   (You found it on level 1 of the Dungeon)
 o - an uncursed ring of ice {rC+, rF-}
   (You found it on level 2 of the Dungeon)
 y - an uncursed amulet of rage {+Rage, !d}
   (You found it on level 6 of the Dungeon)
Wands
 r - a wand of clouds (7)
   (You found it on level 4 of the Dungeon)
 C - a wand of random effects (24)
   (You found it on level 5 of the Dungeon)
 G - a wand of paralysis (7)
   (You found it on level 6 of the Dungeon)
Scrolls
 f - a scroll of identify
 g - 6 scrolls of remove curse
 h - a scroll of random uselessness
 j - 2 scrolls of magic mapping {!r}
 q - a scroll of amnesia
Potions
 a - a potion of haste {unknown}
 e - a potion of ambrosia {unknown}
 i - 4 potions of brilliance
 s - 3 potions of degeneration {!q}
 t - 4 potions of curing {unknown}
 v - a potion of mutation {unknown}
 w - a potion of flight {unknown}
 z - 3 potions of resistance
 A - a potion of cancellation {unknown}
 D - a potion of experience {unknown}
 H - a potion of agility {unknown}
Books
 c - a book of Battle
Comestibles
 d - 4 bread rations {@e1}
 m - 3 fruits
 p - a meat ration {@e2}
 u - 2 royal jellies


   Skills:
 + Level 5.9 Fighting
 + Level 5.9 Short Blades
 + Level 3.6 Long Blades
 + Level 3.6 Axes
 + Level 3.6 Maces & Flails
 + Level 3.6 Polearms
 + Level 3.6 Staves
 + Level 3.6 Slings
 + Level 3.6 Bows
 + Level 3.6 Crossbows
 + Level 3.6 Throwing
 + Level 4.5 Armour
 + Level 5.9 Dodging
 + Level 3.6 Stealth
 + Level 3.6 Shields
 + Level 3.6 Unarmed Combat
 + Level 6.2 Spellcasting
 + Level 3.0 Conjurations
 + Level 3.0 Hexes
 + Level 6.3 Charms
 + Level 3.0 Summonings
 + Level 3.0 Necromancy
 + Level 3.0 Translocations
 + Level 3.0 Transmutations
 + Level 3.0 Fire Magic
 + Level 3.0 Ice Magic
 + Level 3.0 Air Magic
 + Level 3.0 Earth Magic
 + Level 3.0 Poison Magic
 + Level 4.0 Invocations
 + Level 3.6 Evocations


You had 8 spell levels left.
You knew the following spells:

 Your Spells              Type           Power        Failure   Level  Hunger
a - Infusion              Chrm           ####         1%          1    None
r - Regeneration          Chrm/Necr      ###.......   12%         3    ##.....
s - Shroud of Golubria    Chrm/Tloc      ###.......   6%          2    None
z - Spectral Weapon       Hex/Chrm       ###.....     12%         3    ##.....
S - Song of Slaying       Chrm           ####....     3%          2    None


Dungeon Overview and Level Annotations

Branches:
Dungeon (7/15)             Temple (1/1) D:6

Altars:
Cheibriados
Hepliaklqana
Kikubaaqudgha
Makhleb
Qazlal
Sif Muna
Trog
Uskayaw
Vehumet
Xom
Yredelemnul

Annotations:
D:5 exclusion: Prince Ribbit, Prince Ribbit
D:6 Pikel


Innate Abilities, Weirdness & Mutations

Your experience applies equally to all skills.
You have very sharp teeth.
Your uncanny sense of smell can sniff out nearby items.
Your life essence is reduced to manifest your ancestor. (-10% HP)


Message History

You take 1 damage, and have 53/57 hp.
No target in view!
You hit something.
Tlaloc closely misses something.
Something hits you but does no damage.
You now have 14/17 mp.
You hit something.
Tlaloc hits something but does no damage.
You now have 13/17 mp.
You hit something.
Reactivating autopickup.
Your Conjurations skill increases to level 3!
Your Hexes skill increases to level 3!
Your Summonings skill increases to level 3!
Your Necromancy skill increases to level 3!
Your Translocations skill increases to level 3!
Your Transmutations skill increases to level 3!
Your Fire Magic skill increases to level 3!
Your Ice Magic skill increases to level 3!
Your Air Magic skill increases to level 3!
Your Earth Magic skill increases to level 3!
Your Poison Magic skill increases to level 3!
Your Invocations skill increases to level 4!
You feel a bit more experienced.
You now have 12/17 mp.
You feel sick.
You see here an adder corpse.
You butcher the adder corpse.
F - a chunk of flesh {@w0}
Okay, then.
You start resting.
You feel sick.
You are no longer poisoned.
You take 1 damage, and have 52/57 hp.
G - a wand of paralysis (7)
You regained 2 hp, and now have 54/57 hp.
Your magical infusion is running out.
You are no longer magically infusing your attacks.
H - a blue potion Health restored: 57; MP restored: 17 You swap places.
You swap places.
You now have 276 gold pieces (gained 11).
Done exploring.
Done exploring.
(D) Dungeon (T) Temple
Where to? (Enter - D:6, ? - help)
You see here a club.
There is a stone staircase leading down here.
You climb downwards.
A water moccasin, 2 slaves and Pikel come into view.
Pikel is wielding a whip of electrocution.
The slave shouts!
You hear a shout!
There is a stone staircase leading up here.
A slave comes into view.
The water moccasin hisses angrily.
The water moccasin bites Tlaloc.
A slave comes into view.
Tlaloc hits the water moccasin.
The water moccasin closely misses Tlaloc.
Pikel says, "You'll feel the lick of my whip!"
Pikel hits you but does no damage.
You climb upwards.
There is a stone staircase leading down here.
You begin infusing your attacks with magical energy.
Tlaloc hits Pikel.
Pikel hits Tlaloc with a whip of electrocution.
You now have 16/17 mp.
You barely miss Pikel.
Tlaloc closely misses Pikel.
You hit Pikel.
Pikel hits you with a whip of electrocution!
Tlaloc closely misses Pikel.
You take 11 damage, and have 46/57 hp.
You now have 15/17 mp.
You hit Pikel.
Pikel is poisoned.
Pikel hits you with a whip of electrocution.
You are electrocuted!
You take 20 damage, and have 26/57 hp.
MASSIVE DAMAGE!!
You now have 14/17 mp.
Space distorts slightly along a thin shroud covering your body.
Tlaloc barely misses Pikel.
Pikel barely misses you.
You now have 12/17 mp.
You hit Pikel.
Pikel looks as sick as possible!
Your bite misses Pikel.
Tlaloc hits Pikel.
You now have 11/17 mp.
You barely miss Pikel. Pikel hits you but does no damage.
You are electrocuted!
* * * LOW HITPOINT WARNING * * *
Tlaloc hits Pikel but does no damage.
You take 19 damage, and have 7/57 hp.
MASSIVE DAMAGE!!
Tlaloc misses Pikel.
Tlaloc completely misses Pikel.
Pikel says, "I knew I should've brought a map."
Pikel says, "Slavery isn't that bad."
Your magical infusion is running out.
Pikel waves his whip at you.
All of the chunks of flesh in your inventory have rotted away.
You closely miss Pikel.
Pikel hits you with a whip of electrocution!
You die...

######### #.......###
#########
#.#####.#.########.......#
#.#####.........##.#####.##
#.##......#####.##.)>.....#
#.##.##.### #.......##..#
#.##.##.# ####.....#..#
#.......# ##### #.....#R.#
####>#### ##.@.###........#
#.# ##..K..###.##.##.#
#.### #...R...##.......#
#...# #.......#####.####
###.# #.......# ##.####
###.# ##.....## #.....#
#...# ##...## ###########
#.### ##.## ##._.###._.##
#.# #####.####.....8.....#


You could see the friendly Tlaloc the ancestor and Pikel.

Vanquished Creatures
  3 sky beasts
  A phantom (D:6)
  2 bullfrogs (D:4)
  3 scorpions
  A vampire bat (D:2)
  A crimson imp (D:5)
  A centaur zombie (D:5)
  A quasit (D:5)
  5 hounds
  A bullfrog zombie (D:5)
  3 jellies
  4 orc wizards
  Jessica (D:2)
  A centaur skeleton (D:5)
  An iguana (D:4)
  5 worker ants
  A hound zombie (D:5)
  9 adders
  A shadow imp (D:5)
  An ooze (D:1)
  An adder skeleton (D:5)
  A worm (D:4)
  A dart slug (D:1)
  6 leopard geckos
  13 orcs
  2 ball pythons (D:2)
  2 bat skeletons (D:2)
  5 bat zombies (D:2)
  13 goblins
  3 hobgoblins
  18 jackals
  4 kobolds
  3 quokkas
  6 bats
  5 frilled lizards
  A giant cockroach zombie (D:5)
  8 rats
138 creatures vanquished.

Vanquished Creatures (collateral kills)
  A bullfrog zombie (D:6)
  An adder (D:6)
  A giant cockroach (D:6)
3 creatures vanquished.

Grand Total: 141 creatures vanquished

Notes
Turn   | Place    | Note
-------+----------+-------------------------------------------
     0 | D:1      | Firecrotchwizard the Gnoll Skald began the quest for the Orb.
     0 | D:1      | Reached XP level 1. HP: 20/20 MP: 6/6
    64 | D:1      | Reached XP level 2. HP: 25/26 MP: 0/7
   130 | D:1      | Learned a level 2 spell: Shroud of Golubria
   133 | D:1      | Learned a level 2 spell: Song of Slaying
   587 | D:1      | Reached XP level 3. HP: 31/31 MP: 2/9
   590 | D:1      | Reached skill level 5 in Spellcasting
  1276 | D:2      | Reached skill level 1 in Invocations
  1460 | D:2      | Reached skill level 1 in Long Blades
  1460 | D:2      | Reached skill level 1 in Axes
  1460 | D:2      | Reached skill level 1 in Maces & Flails
  1460 | D:2      | Reached skill level 1 in Polearms
  1460 | D:2      | Reached skill level 1 in Staves
  1460 | D:2      | Reached skill level 1 in Slings
  1460 | D:2      | Reached skill level 1 in Bows
  1460 | D:2      | Reached skill level 1 in Crossbows
  1460 | D:2      | Reached skill level 1 in Throwing
  1460 | D:2      | Reached skill level 1 in Stealth
  1460 | D:2      | Reached skill level 1 in Shields
  1460 | D:2      | Reached skill level 1 in Unarmed Combat
  1460 | D:2      | Reached skill level 1 in Evocations
  1529 | D:2      | Reached XP level 4. HP: 34/38 MP: 11/11
  1742 | D:2      | Found a faded altar of an unknown god.
  1758 | D:2      | Noticed Jessica
  1869 | D:2      | Found an ancient bone altar of Kikubaaqudgha.
  1949 | D:2      | Reached skill level 1 in Conjurations
  1949 | D:2      | Reached skill level 1 in Hexes
  1949 | D:2      | Reached skill level 1 in Summonings
  1949 | D:2      | Reached skill level 1 in Necromancy
  1949 | D:2      | Reached skill level 1 in Translocations
  1949 | D:2      | Reached skill level 1 in Transmutations
  1949 | D:2      | Reached skill level 1 in Fire Magic
  1949 | D:2      | Reached skill level 1 in Ice Magic
  1949 | D:2      | Reached skill level 1 in Air Magic
  1949 | D:2      | Reached skill level 1 in Earth Magic
  1949 | D:2      | Reached skill level 1 in Poison Magic
  1949 | D:2      | Reached XP level 5. HP: 26/43 MP: 1/12
  2238 | D:2      | Killed Jessica
  2373 | D:3      | Reached skill level 3 in Armour
  2784 | D:3      | Reached XP level 6. HP: 47/50 MP: 13/13
  2858 | D:3      | Learned a level 3 spell: Regeneration
  2863 | D:3      | Learned a level 3 spell: Spectral Weapon
  2874 | D:4      | Reached skill level 2 in Invocations
  3140 | D:4      | Reached skill level 5 in Fighting
  3140 | D:4      | Reached skill level 5 in Short Blades
  3140 | D:4      | Reached skill level 2 in Long Blades
  3140 | D:4      | Reached skill level 2 in Axes
  3140 | D:4      | Reached skill level 2 in Maces & Flails
  3140 | D:4      | Reached skill level 2 in Polearms
  3140 | D:4      | Reached skill level 2 in Staves
  3140 | D:4      | Reached skill level 2 in Slings
  3140 | D:4      | Reached skill level 2 in Bows
  3140 | D:4      | Reached skill level 2 in Crossbows
  3140 | D:4      | Reached skill level 2 in Throwing
  3140 | D:4      | Reached skill level 5 in Dodging
  3140 | D:4      | Reached skill level 2 in Stealth
  3140 | D:4      | Reached skill level 2 in Shields
  3140 | D:4      | Reached skill level 2 in Unarmed Combat
  3140 | D:4      | Reached skill level 2 in Evocations
  3368 | D:4      | Reached XP level 7. HP: 56/56 MP: 11/15
  4231 | D:5      | Entered Level 5 of the Dungeon
  4254 | D:5      | Reached skill level 2 in Conjurations
  4254 | D:5      | Reached skill level 2 in Hexes
  4254 | D:5      | Reached skill level 2 in Summonings
  4254 | D:5      | Reached skill level 2 in Necromancy
  4254 | D:5      | Reached skill level 2 in Translocations
  4254 | D:5      | Reached skill level 2 in Transmutations
  4254 | D:5      | Reached skill level 2 in Fire Magic
  4254 | D:5      | Reached skill level 2 in Ice Magic
  4254 | D:5      | Reached skill level 2 in Air Magic
  4254 | D:5      | Reached skill level 2 in Earth Magic
  4254 | D:5      | Reached skill level 2 in Poison Magic
  4377 | D:5      | Noticed Prince Ribbit
  4733 | D:5      | Reached skill level 3 in Invocations
  4742 | D:5      | Reached XP level 8. HP: 63/63 MP: 10/16
  4750 | D:5      | Reached skill level 6 in Charms
  4832 | D:5      | Reached skill level 3 in Long Blades
  4832 | D:5      | Reached skill level 3 in Axes
  4832 | D:5      | Reached skill level 3 in Maces & Flails
  4832 | D:5      | Reached skill level 3 in Polearms
  4832 | D:5      | Reached skill level 3 in Staves
  4832 | D:5      | Reached skill level 3 in Slings
  4832 | D:5      | Reached skill level 3 in Bows
  4832 | D:5      | Reached skill level 3 in Crossbows
  4832 | D:5      | Reached skill level 3 in Throwing
  4832 | D:5      | Reached skill level 4 in Armour
  4832 | D:5      | Reached skill level 3 in Stealth
  4832 | D:5      | Reached skill level 3 in Shields
  4832 | D:5      | Reached skill level 3 in Unarmed Combat
  4832 | D:5      | Reached skill level 3 in Evocations
  4884 | D:5      | Found a burning altar of Makhleb.
  4898 | D:5      | Found a shimmering altar of Xom.
  5093 | D:5      | Reached skill level 6 in Spellcasting
  5567 | D:6      | Got a slimy chain mail
  5808 | D:6      | Found a staircase to the Ecumenical Temple.
  5826 | Temple   | Entered the Ecumenical Temple
  5845 | Temple   | Became a worshipper of Hepliaklqana the Forgotten
  5929 | D:6      | Found a radiant altar of Vehumet.
  5930 | D:6      | Found a snail-covered altar of Cheibriados.
  6200 | D:6      | Reached skill level 3 in Conjurations
  6200 | D:6      | Reached skill level 3 in Hexes
  6200 | D:6      | Reached skill level 3 in Summonings
  6200 | D:6      | Reached skill level 3 in Necromancy
  6200 | D:6      | Reached skill level 3 in Translocations
  6200 | D:6      | Reached skill level 3 in Transmutations
  6200 | D:6      | Reached skill level 3 in Fire Magic
  6200 | D:6      | Reached skill level 3 in Ice Magic
  6200 | D:6      | Reached skill level 3 in Air Magic
  6200 | D:6      | Reached skill level 3 in Earth Magic
  6200 | D:6      | Reached skill level 3 in Poison Magic
  6200 | D:6      | Reached skill level 4 in Invocations
  6387 | D:7      | Noticed Pikel
  6400 | D:6      | HP: 7/57 [Pikel/whip of electrocution (19)]
  6410 | D:6      | Slain by Pikel

Vault maps used:
D:1:      dpeg_arrival_three_bigger_balls
D:2:      kennysheep_vampire_church, chequers_ecumenical_altar_island,
          uniq_jessica
D:3:      corexii_shack
D:4:      first_bread
D:5:      lightli_temple_of_fire, basic_altar, hangedman_decor_diamond_cutter,
          minmay_joined_circles, uniq_prince_ribbit1, uniq_ijyb
D:6:      gammafunk_temple_overflow_pools, minmay_temple_entry_nine_rooms
D:7:      serial_co_window_serial, co_window_corner_a, co_window_paths_a,
          co_window_paths_a, co_window_paths_a, co_window_of_opportunity_a,
          co_window_cross_1, co_window_paths_c, co_window_of_opportunity_b,
          co_window_cross_3, co_window_corner_b, co_window_of_opportunity_c,
          glass_columns_a, glass_columns_a, glass_columns_a, basic_altar,
          uniq_pikel
Temple:   hc_temple_tempest_star

Skill      XL: |  1  2  3  4  5  6  7  8 |
---------------+-------------------------+-----
Spellcasting   | 5 6 |  6.2
Invocations    | 1 2 3 4 |  4.0
Long Blades    | 1 2 3 |  3.6
Axes           | 1 2 3 |  3.6
Maces & Flails | 1 2 3 |  3.6
Polearms       | 1 2 3 |  3.6
Staves         | 1 2 3 |  3.6
Slings         | 1 2 3 |  3.6
Bows           | 1 2 3 |  3.6
Crossbows      | 1 2 3 |  3.6
Throwing       | 1 2 3 |  3.6
Stealth        | 1 2 3 |  3.6
Shields        | 1 2 3 |  3.6
Unarmed Combat | 1 2 3 |  3.6
Evocations     | 1 2 3 |  3.6
Conjurations   | 1 2 3 |  3.0
Hexes          | 1 2 3 |  3.0
Summonings     | 1 2 3 |  3.0
Necromancy     | 1 2 3 |  3.0
Translocations | 1 2 3 |  3.0
Transmutations | 1 2 3 |  3.0
Fire Magic     | 1 2 3 |  3.0
Ice Magic      | 1 2 3 |  3.0
Air Magic      | 1 2 3 |  3.0
Earth Magic    | 1 2 3 |  3.0
Poison Magic   | 1 2 3 |  3.0
Armour         | 3 4 |  4.5
Fighting       | 5 |  5.9
Short Blades   | 5 |  5.9
Dodging        | 5 |  5.9
Charms         | 6 |  6.3

Action                   |  1- 3 |  4- 6 |  7- 9 || total
-------------------------+-------+-------+-------++-------
Melee: Short sword       |    19 |       |       ||    19
       Dagger            |    61 |   212 |   301 ||   574
       Bite              |     5 |    24 |    42 ||    71
       Punch             |       |     2 |     4 ||     6
 Cast: Infusion          |     7 |     9 |    17 ||    33
       Shroud of Golubri |     1 |    10 |    13 ||    24
       Spectral Weapon   |       |     1 |       ||     1
Evoke: Wand              |       |       |     1 ||     1
  Use: Scroll            |       |       |    12 ||    12
 Stab: Sleeping          |     4 |     4 |     7 ||    15
       Distracted        |       |     1 |       ||     1
  Eat: Chunk             |     2 |     6 |     4 ||    12
       Royal jelly       |       |       |     1 ||     1
       Meat ration       |       |       |     1 ||     1
Armor: Leather armour    |     7 |    56 |       ||    63
       Ring mail         |       |     8 |    89 ||    97
Dodge: Dodged            |    38 |   160 |   135 ||   333

Table legend:
 A = Spawn XP
 B = Non-spawn XP
 C = Spawn XP percentage of total XP
 D = Spawn monster count
 E = Non-spawn monster count
 F = Spawn count percentage of total count
 G = Total turns spent on level
                    A         B        C        D         E        F      G
               +---------+---------+-------+---------+---------+-------+---------
         Total |       0 |    2339 |   0.0 |       0 |     141 |   0.0 |  6410
               +---------+---------+-------+---------+---------+-------+---------
           D:1 |       0 |      55 |   0.0 |       0 |      30 |   0.0 |  1270
           D:2 |       0 |     172 |   0.0 |       0 |      31 |   0.0 |  1092
           D:3 |       0 |     135 |   0.0 |       0 |      18 |   0.0 |   635
           D:4 |       0 |     445 |   0.0 |       0 |      17 |   0.0 |  1234
           D:5 |       0 |    1080 |   0.0 |       0 |      30 |   0.0 |  1326
           D:6 |       0 |     452 |   0.0 |       0 |      15 |   0.0 |   820
               +---------+---------+-------+---------+---------+-------+---------

Vault maps used:
D:1:      dpeg_arrival_three_bigger_balls
D:2:      kennysheep_vampire_church, chequers_ecumenical_altar_island,
          uniq_jessica
D:3:      corexii_shack
D:4:      first_bread
D:5:      lightli_temple_of_fire, basic_altar, hangedman_decor_diamond_cutter,
          minmay_joined_circles, uniq_prince_ribbit1, uniq_ijyb
D:6:      gammafunk_temple_overflow_pools, minmay_temple_entry_nine_rooms
D:7:      serial_co_window_serial, co_window_corner_a, co_window_paths_a,
          co_window_paths_a, co_window_paths_a, co_window_of_opportunity_a,
          co_window_cross_1, co_window_paths_c, co_window_of_opportunity_b,
          co_window_cross_3, co_window_corner_b, co_window_of_opportunity_c,
          glass_columns_a, glass_columns_a, glass_columns_a, basic_altar,
          uniq_pikel
Temple:   hc_temple_tempest_star

Table legend:
 A = Turns spent in this place as a percentage of turns spent in the entire game.
 B = Non-inter-level travel turns spent in this place as a percentage of non-inter-level travel turns spent in the entire game.
 C = Inter-level travel turns spent in this place as a percentage of turns spent in this place.
 D = Turns resting spent in this place as a percentage of non-inter-level travel turns spent in this place.
 E = Turns spent auto-exploring this place as a percentage of non-inter-level travel turns spent in this place.
 F = Non-inter-level travel turns spent in this place divided by the number of levels of this place that you've seen.
                   A       B       C       D       E      F
               +-------+-------+-------+-------+-------+----------------------
         Total | 100.0 | 100.0 |   3.6 |  32.0 |  45.6 | 772.6
       Dungeon |  99.6 |  99.7 |   3.5 |  31.9 |  45.7 | 880.1
        Temple |   0.4 |   0.3 |  25.9 |  60.0 |   0.0 |  20.0
               +-------+-------+-------+-------+-------+----------------------

Table legend:
 A = Kills in this place as a percentage of kills in entire the game.
 B = Kills by you in this place as a percentage of kills by you in the entire game.
 C = Kills by friends in this place as a percentage of kills by friends in the entire game.
 D = Other kills in this place as a percentage of other kills in the entire game.
 E = Experience gained in this place as a percentage of experience gained in the entire game.
 F = Experience gained in this place divided by the number of levels of this place that you have seen.
                   A       B       C       D       E      F
               +-------+-------+-------+-------+-------+----------------------
         Total | 100.0 | 100.0 | 100.0 |   N/A | 100.0 | 292.4
       Dungeon | 100.0 | 100.0 | 100.0 |   N/A | 100.0 | 334.1
               +-------+-------+-------+-------+-------+----------------------
